 Dungeon Crawl Stone Soup version 0.31.0-9-g3a7656b989 (webtiles) character file.

Game seed: 6537009358865603773

7888 booth the Cleaver (level 11, -6/87 HPs)
             Began as a Demonspawn Monk on Jan 24, 2024.
             Was the Champion of Jiyva.
             Mangled by a skeletal warrior
             ... wielding a +0 dire flail
              (12 damage)
             ... on level 8 of the Dungeon.
             The game lasted 00:56:32 (7992 turns).

booth the Cleaver (Demonspawn Monk)                 Turns: 7992, Time: 00:56:32

Health: -6/87      AC: 14    Str: 19    XL:     11   Next: 2%
Magic:  14/14      EV: 15    Int: 11    God:    Jiyva [******]
Gold:   173        SH:  0    Dex: 15    Spells: 10/10 levels left

rFire   . . .        v - +2 war axe (flame)
rCold   . . .        (no shield)
rNeg    . . .        x - +5 robe of Night {Dark Will+ SInv}
rPois   +            o - +0 helmet of Zosovem {rPois Str+3}
rElec   .            (no cloak)
rCorr   +            (no gloves)
SInv    +            D - +0 pair of boots
Will    +....        (no amulet)
Stlth   ++           z - +4 ring of slaying
HPRegen 1.94/turn    (no ring)
MPRegen 0.94/turn

%: no passive effects
@: confused, mighty, ambrosia-drunk, studying Stealth
A: icemail 1, powered by pain 2, condensation shield, demonic touch 2, fangs 1,
acidic bite, eyeballs 2, gelatinous body 2, pseudopods 3, tendrils, engulf
a: Renounce Religion, Oozemancy, Slimify


You were on level 8 of the Dungeon.
You worshipped Jiyva.
Jiyva was exalted by your worship.
You visited 1 branch of the dungeon, and saw 9 of its levels.

You collected 288 gold pieces.
You spent 115 gold pieces at shops.

Inventory:

Hand Weapons
 e - a +0 battleaxe
 s - a +0 mace
 v - a +2 war axe of flaming (weapon)
 w - a +1 flail of protection
 F - a +0 battleaxe
Missiles
 i - 4 darts of dispersal
 r - 5 boomerangs (quivered)
 A - 3 throwing nets
Armour
 d - an orb of light
 f - a +1 ring mail
 o - the +0 helmet of Zosovem (worn) {rPois Str+3}
   (You found it on level 2 of the Dungeon)

   Str+3:     It affects your strength (+3).
   rPois:     It protects you from poison
 u - a +0 scale mail
 x - the +5 robe of Night (worn) {Dark Will+ SInv}
   (You found it on level 7 of the Dungeon)

   Dark:      It shrouds the wearer in darkness, reducing the range at which
   they can see and be seen by others.
   Will+:     It increases your willpower.
   SInv:      It lets you see invisible.
 D - a +0 pair of boots (worn)
Jewellery
 z - a +4 ring of slaying (left hand)
Wands
 y - a wand of digging (6)
 I - a wand of acid (1)
Scrolls
 a - a scroll of blinking
 g - a scroll of immolation
 j - a scroll of vulnerability
 k - a scroll of revelation
 l - a scroll of poison {unknown}
 p - a scroll of amnesia {unknown}
 t - a scroll of fear {unknown}
Potions
 b - 2 potions of mutation
 h - 3 potions of lignification
 m - 4 potions of curing
 n - 3 potions of enlightenment
 q - 2 potions of might
 B - a potion of attraction
Miscellaneous
 E - a phantom mirror


   Skills:
 + Level 8.6 Fighting
 * Level 10.7 Axes
 + Level 6.3 Throwing
 - Level 2.9 Dodging
 + Level 8.7 Stealth
 - Level 4.3 Invocations


You had 10 spell levels left.
You didn't know any spells.
Your spell library contained the following spells:

 Spells                   Type           Power      Damage    Failure   Level
 Apportation              Tloc           0%         N/A       34%         1
 Foxfire                  Conj/Fire      0%         2x1d4     34%         1
 Necrotise                Necr           0%         1d4       34%         1
 Sting                    Conj/Alch      0%         1d3       34%         1
 Summon Small Mammal      Summ           0%         N/A       34%         1
 Hailstorm                Conj/Ice       0%         3d5       71%         3
 Freezing Cloud           Conj/Ice/Air   0%         6-21      100%        5
 Iskenderun's Battlesphe  Conj           0%         2d6       100%        5


Dungeon Overview and Level Annotations

Branches:
Dungeon (9/15)             Temple (0/1) D:7            Lair (0/5) D:9
    Orc (0/2) D:9

Altars:
Ashenzari
Dithmenos
Fedhas
Hepliaklqana
Nemelex Xobeh
Okawaru
Qazlal
Ru
Uskayaw
Yredelemnul
Jiyva

Shops:
D:2 ::   D:3 :   D:4 [[((   D:9 =

Annotations:
D:8 1 transporter


Innate Abilities, Weirdness & Mutations

A meltable icy envelope protects you from harm. (AC +4)
You sometimes gain power by taking damage.
A meltable shield of frost defends you. (SH +4)
Your touch may inflict irresistible damage on your foes.
You have very sharp teeth.
You have acidic saliva.
Your body has grown many eyes which may confuse attackers. (Acc +5)
Your pliable body absorbs attacks. (AC +2, EV +2)
Armour fits poorly on your massive pseudopods.
You are covered in slimy tendrils that may disarm your opponents.
Your melee attacks may engulf your foes in ooze.


Message History

You slice the wolf spider!! You burn the wolf spider.
You engulf the wolf spider in ooze!
Your touch misses the wolf spider.
The wolf spider is severely wounded.
You slice one of the eight-headed hydra's heads off!
The flame cauterises the wound!
You slash the seven-headed hydra! You burn the seven-headed hydra!
You slash the skeletal warrior! You burn the skeletal warrior.
You engulf the skeletal warrior in ooze!
The wolf spider hits you!
The wolf spider bites you but does no damage.
The wolf spider hits itself!
The wolf spider bites itself.
The skeletal warrior hits you with a +0 dire flail!!
You hit the wolf spider. You burn the wolf spider.
You kill the wolf spider!
You closely miss the skeletal warrior.
You chop one of the seven-headed hydra's heads off!
The flame cauterises the wound!
You slash the six-headed hydra! You burn the six-headed hydra.
You block the six-headed hydra's attack.
The six-headed hydra bites you but does no damage. x2
The six-headed hydra bites you! The six-headed hydra barely misses you.
The six-headed hydra bites you but does no damage.
The bullfrog barely misses you.
The eyeballs on your body gaze at the bullfrog.
The skeletal warrior hits you with a +0 dire flail!
* * * LOW HITPOINT WARNING * * *
You have reached level 11!
You are confused.
You feel invigorated. The six-headed hydra bites you.
* * * LOW HITPOINT WARNING * * *
The six-headed hydra completely misses you.
The six-headed hydra bites you!
* * * LOW HITPOINT WARNING * * *
The six-headed hydra bites you but does no damage.
The six-headed hydra completely misses you.
The six-headed hydra bites you.
* * * LOW HITPOINT WARNING * * *
The howler monkey hits you but does no damage.
The skeletal warrior hits you with a +0 dire flail!
You die...

##..# #.# #........#
#...###
####.###############.#
#.#...###......J....####
#.####
#...#.##..#########....#
#.....
###.#.##.##...©...##.#.#
######
....#.#.J#8.#...#.8#J#.#
#####.#.J#$?.#.#)..#J#.#
#
.......JJ#h)....hD.#...#
#
######..J#_$....@.F#©..#
# ##.J#)?.....z.#...# #
#.J#$$.#.#...#.#.# #
#.J#8.#...#.8#.#.######
#
##..##.......##.#......#
#
#....#########.........#
#
#..............####....#
# #...#.##########
#.#.## # ##.##.##
##########.#.# #


You could see a six-headed hydra, a skeletal warrior (engulfed), a bullfrog
(confused), a howler monkey and 2 neutral jellies (fellow slime).

Vanquished Creatures
  A two-headed ogre (D:8)
  A wolf spider (D:8)
  An elephant (D:9)
  A troll (D:6)
  13 yaks
  A basilisk (D:9)
  Grum (D:8)
  2 acid dragons
  5 orc warriors
  An ice beast (D:5)
  3 black bears
  An ogre (D:5)
  4 wolves (D:8)
  A centaur (D:9)
  A phantom (D:5)
  A gnoll sergeant (D:7)
  4 scorpions
  3 bullfrogs
  15 killer bees
  2 howler monkeys
  A bombardier beetle (D:5)
  2 orc priests
  3 gnoll boudas
  5 hounds
  Terence (D:2)
  3 iguanas
  Natasha (D:3)
  7 orc wizards
  18 gnolls
  7 adders
  A shadow imp (D:6)
  2 white imps
  4 ufetubi (D:6)
  2 ribbon worms
  3 dart slugs
  36 orcs
  4 bats
  7 endoplasms
  3 giant cockroaches
  11 goblins
  9 hobgoblins
  5 jackals (D:2)
  3 quokkas
  A ball python (D:3)
  3 frilled lizards (D:1)
  7 kobolds
  A rat (D:2)
212 creatures vanquished.

Vanquished Creatures (collateral kills)
  2 dream sheep (D:7)
  2 shadows (D:7)
4 creatures vanquished.

Vanquished Creatures (others)
  A centaur (D:9)
  A bullfrog (D:7)
  A scorpion (D:4)
  3 howler monkeys (D:9)
  16 jellies
  2 bombardier beetles
  2 hounds
  An orc priest (D:7)
  Natasha (twice) (D:3)
  2 iguanas (D:7)
  An orc wizard (D:3)
  4 gnolls
  2 adders
  A white imp (D:5)
  2 ufetubi (D:5)
  6 orcs
  An endoplasm (D:3)
  2 goblins (D:3)
  3 hobgoblins
  2 kobolds
  A quokka (D:5)
  A frilled lizard (D:3)
57 creatures vanquished.

Grand Total: 273 creatures vanquished

Notes
Turn   | Place    | Note
-------+----------+-------------------------------------------
     0 | D:1      | booth the Demonspawn Monk began the quest for the Orb.
     0 | D:1      | Reached XP level 1. HP: 18/18 MP: 1/1
   152 | D:1      | Gained mutation: You sometimes gain a little power by
                  | taking damage. [demonic ancestry]
   152 | D:1      | Reached XP level 2. HP: 22/24 MP: 2/2
   232 | D:1      | Reached skill level 3 in Axes
   434 | D:1      | Reached skill level 1 in Invocations
   434 | D:1      | Gained mutation: A meltable shield of frost defends you.
                  | (SH +4) [demonic ancestry]
   434 | D:1      | Reached XP level 3. HP: 25/29 MP: 3/3
   981 | D:2      | Noticed Terence
  1082 | D:2      | Killed Terence
  1083 | D:2      | Gained mutation: A meltable icy envelope protects you from
                  | harm. (AC +4) [demonic ancestry]
  1083 | D:2      | Reached XP level 4. HP: 26/37 MP: 5/5
  1199 | D:2      | Found Isiloug's Book Boutique.
  1292 | D:2      | Identified the +0 helmet of Zosovem {rPois Str+3}
  1348 | D:2      | Found Tacaam's Book Emporium.
  1496 | D:2      | Found a basalt altar of Yredelemnul.
  1539 | D:2      | Found a faded altar of an unknown god.
  1560 | D:2      | Prayed at the altar of an unknown god.
  1560 | D:2      | Became a worshipper of Jiyva Jaanouh the Shapeless
  1560 | D:2      | Reached * piety under Jiyva
  1560 | D:2      | Reached ** piety under Jiyva
  1760 | D:3      | Noticed Natasha
  1778 | D:3      | Killed Natasha
  1779 | D:3      | Reached skill level 4 in Axes
  1801 | D:3      | Reached *** piety under Jiyva
  1806 | D:3      | Gained mutation: Your rubbery body absorbs attacks. (AC +1,
                  | EV +1) [Jiyva's grace]
  1806 | D:3      | Gained mutation: Your pliable body absorbs attacks. (AC +2,
                  | EV +2) [Jiyva's grace]
  1806 | D:3      | Gained mutation: Your gelatinous body deflects attacks. (AC
                  | +3, EV +3) [Jiyva's grace]
  1806 | D:3      | Gained mutation: Your melee attacks may engulf your foes in
                  | ooze. [Jiyva's grace]
  1829 | D:3      | You fall into a shaft and drop 2 floors!
  1829 | D:5      | Entered Level 5 of the Dungeon
  1831 | D:5      | Noticed a phantom
  1855 | D:5      | Killed a phantom
  1856 | D:5      | Reached XP level 5. HP: 42/42 MP: 5/7
  1893 | D:5      | Gained mutation: Your touch may inflict minor irresistible
                  | damage on your foes. [demonic ancestry]
  1893 | D:5      | Reached XP level 6. HP: 45/49 MP: 8/8
  1926 | D:4      | Reached skill level 5 in Axes
  2076 | D:4      | Found Mafux's Antique Weapon Shop.
  2099 | D:4      | Found Dosedgho's Antique Armour Boutique.
  2197 | D:4      | Got the Almanac of Blasts
  2350 | D:4      | Reached **** piety under Jiyva
  2474 | D:4      | Found Zintu's Armour Emporium.
  2747 | D:3      | Reached XP level 7. HP: 55/55 MP: 10/10
  2818 | D:3      | Killed Natasha
  2826 | D:3      | Noticed Natasha
  2831 | D:3      | Killed Natasha
  2859 | D:3      | Found Amnaneav's Book Emporium.
  2912 | D:3      | Found an iron altar of Okawaru.
  3071 | D:3      | Reached ***** piety under Jiyva
  3484 | D:4      | Found Jiukloc's Antique Weapon Emporium.
  3573 | D:5      | Gained mutation: You are covered in slimy tendrils that may
                  | disarm your opponents. [Jiyva's grace]
  3573 | D:5      | Gained mutation: You have acidic saliva. [Jiyva's grace]
  3573 | D:5      | Gained mutation: Your body has grown eyes which may confuse
                  | attackers. (Acc +3) [Jiyva's grace]
  3573 | D:5      | Gained mutation: Your body has grown many eyes which may
                  | confuse attackers. (Acc +5) [Jiyva's grace]
  3594 | D:5      | Reached skill level 5 in Fighting
  3680 | D:5      | Reached skill level 1 in Throwing
  3685 | D:5      | Reached skill level 6 in Axes
  3811 | D:5      | Gained mutation: Your touch may inflict irresistible damage
                  | on your foes. [demonic ancestry]
  3811 | D:5      | Reached XP level 8. HP: 63/63 MP: 11/11
  4209 | D:5      | Reached skill level 7 in Axes
  4327 | D:6      | Noticed a troll
  4333 | D:6      | Killed a troll
  4334 | D:6      | Reached skill level 1 in Stealth
  4392 | D:6      | Found a broken altar of Ashenzari.
  4572 | D:6      | Found a hazy altar of Hepliaklqana.
  4717 | D:6      | Identified the +6 quarterstaff of the Globe {antimagic, rN+
                  | Dex+3 Stlth+}
  4753 | D:6      | Found a sparkling altar of Nemelex Xobeh.
  4905 | D:6      | Found a basalt altar of Yredelemnul.
  5200 | D:4      | Bought a war axe for 115 gold pieces
  5325 | D:7      | Found a sacrificial altar of Ru.
  5534 | D:7      | Found a staircase to the Ecumenical Temple.
  5539 | D:7      | Gained mutation: You sometimes gain power by taking damage.
                  | [demonic ancestry]
  5539 | D:7      | Reached XP level 9. HP: 71/71 MP: 12/12
  5744 | D:7      | Reached skill level 8 in Axes
  5752 | D:7      | Found the +5 robe of Night {Dark Will+ SInv}
  5929 | D:7      | Found a stormy altar of Qazlal.
  5972 | D:7      | Reached skill level 5 in Stealth
  5980 | D:7      | Reached ****** piety under Jiyva
  6245 | D:8      | Found a transporter.
  6246 | D:8      | Noticed a skeletal warrior
  6252 | D:8      | Found a shadowy altar of Dithmenos.
  6254 | D:8      | Noticed a wolf spider
  6274 | D:8      | Noticed an eight-headed hydra
  6280 | D:8      | Reached skill level 9 in Axes
  6286 | D:8      | Noticed Grum
  6298 | D:8      | Killed Grum
  6356 | D:8      | Reached skill level 5 in Throwing
  6386 | D:8      | Noticed a two-headed ogre
  6392 | D:8      | Killed a two-headed ogre
  6393 | D:8      | Reached XP level 10. HP: 80/80 MP: 13/13
  6476 | D:8      | Lost mutation: Your gelatinous body deflects attacks. (AC
                  | +3, EV +3) [Jiyva's grace]
  6476 | D:8      | Gained mutation: Armour fits poorly on your pseudopods.
                  | [Jiyva's grace]
  6476 | D:8      | Gained mutation: Armour fits poorly on your large
                  | pseudopods. [Jiyva's grace]
  6476 | D:8      | Gained mutation: Armour fits poorly on your massive
                  | pseudopods. [Jiyva's grace]
  6476 | D:8      | Gained mutation: You have very sharp teeth. [Jiyva's grace]
  6827 | D:8      | Found a transporter.
  7007 | D:9      | Noticed an elephant
  7019 | D:9      | Killed an elephant
  7020 | D:9      | Reached skill level 10 in Axes
  7028 | D:9      | Found a staircase to the Lair.
  7073 | D:9      | Found a staircase to the Orcish Mines.
  7223 | D:9      | Found a blossoming altar of Fedhas.
  7288 | D:9      | Noticed a +0 falchion
  7289 | D:9      | Noticed a +0 spear
  7289 | D:9      | Noticed a +0 dagger
  7290 | D:9      | Noticed a +0 falchion
  7290 | D:9      | Noticed a +0 dagger
  7290 | D:9      | Noticed a +0 short sword
  7290 | D:9      | Noticed a +0 short sword
  7296 | D:9      | Found a hide-covered altar of Uskayaw.
  7296 | D:9      | Noticed a +0 spear
  7442 | D:9      | Found Jeudghim's Jewellery Boutique.
  7991 | D:8      | Killed a wolf spider
  7992 | D:8      | Reached XP level 11. HP: 15/87 MP: 14/14
  7992 | D:8      | Mangled by a skeletal warrior

Illustrated notes

Levels and vault maps discovered:
D:1:      lightli_arrival_chessboard, layout_loops_ring
D:2:      layout_loops_corners, serial_shops, nicolae_shop_stone, shop,
          basic_altar, dilly_ecumenical_altar_fadedgnrine, uniq_terence
D:3:      layout_rooms, okawaru_trees_2, serial_shops, shop,
          minmay_misc_feat_enclosed, chequers_arboretum, minmay_splitting_lines,
          uniq_natasha
D:4:      layout_loops_corners, serial_shops, shop, nicolae_shop_statue_plus,
          nicolae_shop_temple_entry_statues_fountains, nicolae_lakefront_shop,
          serial_glass, glass_columns_b, glass_columns_a
D:5:      layout_loops_cross, moated_statue, minmay_manual_macuahuitl
D:6:      layout_gridville, mainiacjoe_overflow_catwalk,
          nicolae_hepliaklqana_hippocampus, ashenzari_conservatory_becter,
          old_standard_altar, serial_rivers, chequers_serial_rivers_room_b,
          chequers_serial_rivers_small_b, chequers_serial_rivers_small_3,
          chequers_serial_rivers_micro_e
D:7:      layout_loops_ring, nicolae_ru_awakened_eye, overflow_temple_1_default,
          minmay_temple_entry_poolview, serial_glass, glass_columns_c,
          glass_columns_a, hellmonk_guarded_unrand_night
D:8:      layout_loops_ring, good_gods_mini_temple,
          gammafunk_temple_overflow_arena, grunt_ministairs_2, uniq_grum
D:9:      layout_loops_ring, nicolae_overflow_crystal_walls,
          nicolae_uskayaw_en_pointe, david_lair_generic, david_orc_2,
          serial_shops, nicolae_shop_gaudy_bauble

Skill      XL: |  1  2  3  4  5  6  7  8  9 10 |
---------------+-------------------------------+-----
Axes           | 3 4 5 6 7 9 10 | 10.7
Invocations    | 1 3 4 |  4.3
Fighting       | 4 5 6 7 8 |  8.6
Throwing       | 2 3 5 6 |  6.3
Stealth        | 3 6 8 |  8.7
Dodging        | |  2.9

Action                     |  1- 3 |  4- 6 |  7- 9 | 10-12 || total
---------------------------+-------+-------+-------+-------++-------
  Melee: Hand axe          |    97 |   156 |   133 |       ||   386
         Touch             |       |    12 |    42 |    17 ||    71
         Bite              |       |       |    26 |    12 ||    38
         Punch             |       |       |     3 |       ||     3
         War axe           |       |       |    91 |    90 ||   181
         Pseudopods        |       |       |       |    15 ||    15
  Throw: Dart              |     3 |     2 |     2 |       ||     7
         Boomerang         |       |       |       |     3 ||     3
    Use: Scroll            |     4 |     1 |     6 |     7 ||    18
         Potion            |       |       |       |     2 ||     2
   Stab: Confused          |       |       |     5 |     9 ||    14
         Sleeping          |       |       |     2 |       ||     2
 Armour: Robe              |    17 |       |    34 |    79 ||   130
         Ring mail         |    34 |    67 |    96 |       ||   197
  Dodge: Dodged            |    53 |    99 |   144 |    73 ||   369
  Block: Other             |       |    17 |    35 |    18 ||    70
